Map: World of Sleepers LE

Players

KanyeZest - Winner!

  • Race: Zerg Zerg
  • Spawn Location: 7:00

TwoFiveBoy

  • Race: Protoss Protoss
  • League: Master
  • Spawn Location: 1:00

VOD

Have the link to the VOD?

Description

Time

  • Played on: Aug. 26, 2019, 8:58 p.m.
  • Length: 4:10
Show
View Real Time Build Order
Export as new Build Order

KanyeZest Zerg - Winner!

Build Orders: Hatch First 

Get SALT Encoding   

  12  0:01  Drone  
  13  0:13  Overlord  
  13  0:20  Drone  
  14  0:33  Drone x2  
  16  0:48  Hatchery  
  15  0:52  Drone  
  16  0:57  Drone  
  16  0:58  Drone  
  16  1:01  Extractor  
  17  1:14  Spawning Pool  
  16  1:18  Drone  
  16  1:21  Drone  
  18  1:30  Drone  
  19  1:48  Overlord  
  19  1:55  Drone  
  20  2:01  Queen x2  
  20  2:05  Metabolic Boost  
  20  2:08  Drone  
  25  2:09  Drone  
  26  2:16  Drone x2  
  26  2:22  Drone  
  29  2:24  Drone  
  30  2:36  Hatchery  
  29  2:48  Zergling x2  
  29  2:49  Zergling x6  
  33  2:56  Zergling x2  
  33  2:58  Queen  
  36  2:59  Overlord  
  36  3:05  Overlord  
  36  3:24  Drone x3  
  36  3:25  Drone x4  
  42  3:41  Drone  
  42  3:42  Drone x7  
  42  3:45  Roach Warren  
  50  3:55  Drone  
  50  3:56  Drone x3  
  50  4:01  Extractor  
  50  4:02  Extractor  
Show
View Real Time Build Order
Export as new Build Order

TwoFiveBoy Protoss 

Build Orders: 1 Gate Expand 

Get SALT Encoding   

  12  0:01  Probe  
  13  0:13  Probe  
  14  0:21  Pylon  
  14  0:25  Probe  
  15  0:36  Probe  
  15  0:41  Gateway  
  16  0:44  Probe  
  17  0:50  Assimilator  
  17  0:53  Probe  
  18  1:05  Probe  
  19  1:17  Probe  
  20  1:30  Nexus  
  20  1:47  Cybernetics Core  
  20  1:48  Probe  
  21  1:55  Assimilator  
  21  2:00  Pylon, Probe  
  22  2:10  Probe  
  23  2:15  Stalker  
  23  2:18  Probe  
  24  2:26  Probe  
  27  2:38  Probe  
  27  2:42  Probe  
  29  2:44  Gateway  
  29  2:45  Adept  
  29  2:50  Probe  
  32  2:53  Probe  
  32  2:57  Pylon  
  33  3:01  Probe  
  33  3:02  Probe  
  35  3:09  Probe  
  35  3:14  Probe  
  37  3:20  Probe  
  37  3:27  Probe  
  38  3:28  Probe, Twilight Council  
  38  3:31  Robotics Facility  
  39  3:39  Probe  
  40  3:45  Pylon  
  42  3:49  Pylon  
Tags
 
Add a new tag
Caveats
  • Supply blocks, unpowered buildings, or Contaminate may cause inaccurate times.
  • Supply counts are checked every 10 seconds.